MID
AUGUSTA GREENJACKETS @ LAKEWOOD BLUECLAWS
08/20/2045
 
TOP OF THE 1ST
Augusta GreenJackets batting - Pitching for Lakewood BlueClaws : RHP T.J. Gray
Pitching: RHP T.J. Gray
Batting: LHB J.P. Olson 0-0: Called Strike
0-1: Ball
1-1: Ball
2-1: Foul Ball, location: 2F
2-2: Ball
3-2: Base on Balls
Batting: LHB Gil Caraveo 0-0: Called Strike
0-1: Fly out, F9 (Flyball, 9LM, EV 87.5 MPH)
Batting: LHB Jared Paige 0-0: Called Strike
0-1: Called Strike
0-2: Ball
1-2: SINGLE (Line Drive, 6MD, EV 101.9 MPH)
J.P. Olson to second
Batting: RHB Mike Buchanan 0-0: Ball
1-0: Ball
2-0: Ball
3-0: Base on Balls
J.P. Olson to third
Jared Paige to second
Batting: RHB Josh Lippens 0-0: Called Strike
0-1: Ball
1-1: Ball
2-1: Ball
3-1: Fly out, F8 (Flyball, 78S, EV 91.9 MPH)
Batting: RHB Jonathan Reece 0-0: Called Strike
0-1: Ball
1-1: Ball
2-1: Ball
3-1: Base on Balls
J.P. Olson scores
Jared Paige to third
Mike Buchanan to second
Batting: RHB Devin Lowery 0-0: Ball
1-0: Ball
2-0: Ball
3-0: Base on Balls
Jared Paige scores
Mike Buchanan to third
Jonathan Reece to second
Batting: RHB Micah McErlean 0-0: Called Strike
0-1: Ball
1-1: Swinging Strike
1-2: Ball
2-2: Foul Ball, location: 2F
2-2: Ball
3-2: Strikes out swinging
Top of the 1st over - 2 runs, 1 hit, 0 errors, 3 left on base; Augusta 2 - Lakewood 0
BOTTOM OF THE 1ST
Lakewood BlueClaws batting - Pitching for Augusta GreenJackets : RHP Josh Harriston
Pitching: RHP Josh Harriston
Batting: RHB Chris Myers 0-0: Fly out, F9 (Flyball, 9LM, EV 86.2 MPH)
Batting: LHB Jose Carlos 0-0: Called Strike
0-1: Foul Ball, location: 2F
0-2: Ball
1-2: Strikes out swinging
Batting: RHB Danny Krug 0-0: Called Strike
0-1: Called Strike
0-2: Foul Ball, location: 2F
0-2: Fly out, F8 (Flyball, 8RM, EV 87.5 MPH)
Bottom of the 1st over - 0 runs, 0 hits, 0 errors, 0 left on base; Augusta 2 - Lakewood 0
TOP OF THE 2ND
Augusta GreenJackets batting - Pitching for Lakewood BlueClaws : RHP T.J. Gray
Batting: RHB Gabe Ochoa 0-0: Swinging Strike
0-1: Foul Ball, location: 2F
0-2: Foul Ball, location: 2F
0-2: Strikes out swinging
Batting: LHB J.P. Olson 0-0: Ball
1-0: Foul Ball, location: 2F
1-1: Ball
2-1: Swinging Strike
2-2: Ground out 6-3 (Groundball, 6M, EV 80.6 MPH)
Batting: LHB Gil Caraveo 0-0: Ground out 3-1 (Groundball, 34, EV 86.2 MPH)
Top of the 2nd over - 0 runs, 0 hits, 0 errors, 0 left on base; Augusta 2 - Lakewood 0
BOTTOM OF THE 2ND
Lakewood BlueClaws batting - Pitching for Augusta GreenJackets : RHP Josh Harriston
Batting: LHB Josh George 0-0: Ball
1-0: Ball
2-0: SINGLE (Flyball, 78S, EV 100.0 MPH)
Batting: RHB Matt McDevitt 0-0: Swinging Strike
0-1: Called Strike
0-2: Strikes out swinging
Batting: RHB Victor Arroyo 0-0: Called Strike
0-1: Ball
1-1: Ball
2-1: Ball
3-1: Called Strike
3-2: Fly out, F9 (Flyball, 9LM, EV 88.1 MPH)
Batting: RHB Prabhukumar Santhanakrishnan 0-0: Ball
1-0: Called Strike
Josh George steals 2nd base
1-1: Ball
2-1: SINGLE (Groundball, 6MD, EV 85.0 MPH) (infield hit)
Josh George to third
Batting: RHB Gary Hills 0-0: Swinging Strike
0-1: Ball
1-1: Ball
2-1: Fly out, F7 (Flyball, 78D, EV 101.9 MPH)
Bottom of the 2nd over - 0 runs, 2 hits, 0 errors, 2 left on base; Augusta 2 - Lakewood 0
TOP OF THE 3RD
Augusta GreenJackets batting - Pitching for Lakewood BlueClaws : RHP T.J. Gray
Batting: LHB Jared Paige 0-0: Foul Ball, location: 2F
0-1: Ball
1-1: Ball
2-1: Ball
3-1: Base on Balls
Batting: RHB Mike Buchanan 0-0: Called Strike
0-1: Ball
1-1: Ball
2-1: Ball
3-1: Base on Balls
Jared Paige to second
Batting: RHB Josh Lippens 0-0: Called Strike
0-1: SINGLE (Groundball, 4D, EV 100.6 MPH)
Jared Paige to third
Mike Buchanan to second
Runner from 3rd tries for Home, throw by RF and OUT! 9-2
Batting: RHB Jonathan Reece 0-0: Called Strike
0-1: Ball
1-1: Foul Ball, location: 2F
1-2: Ball
2-2: Ground out 6-3 (Groundball, 6S, EV 69.4 MPH)
Mike Buchanan to third
Josh Lippens to second
Batting: RHB Devin Lowery 0-0: Foul Ball, location: 2F
0-1: Foul Ball, location: 2F
0-2: Ground out 5-3 (Groundball, 15, EV 91.2 MPH)
Top of the 3rd over - 0 runs, 1 hit, 0 errors, 2 left on base; Augusta 2 - Lakewood 0
BOTTOM OF THE 3RD
Lakewood BlueClaws batting - Pitching for Augusta GreenJackets : RHP Josh Harriston
Batting: RHB Pedro Mata 0-0: Called Strike
0-1: Foul Ball, location: 2F
0-2: Ball
1-2: Ball
2-2: Ball
3-2: Base on Balls
Batting: RHB Chris Myers 0-0: Fly out, F5 (Popup, 25F, EV 91.9 MPH)
Batting: LHB Jose Carlos 0-0: Ball
1-0: Called Strike
1-1: Ball
2-1: Fly out, F9 (Flyball, 9D, EV 104.4 MPH)
Batting: RHB Danny Krug 0-0: Called Strike
0-1: Called Strike
0-2: Ball
1-2: Foul Ball, location: 2F
1-2: Ball
2-2: Foul Ball, location: 2F
2-2: Foul Ball, location: 2F
2-2: Fly out, F9 (Flyball, 9D, EV 90.6 MPH)
Bottom of the 3rd over - 0 runs, 0 hits, 0 errors, 1 left on base; Augusta 2 - Lakewood 0
TOP OF THE 4TH
Augusta GreenJackets batting - Pitching for Lakewood BlueClaws : RHP T.J. Gray
Batting: RHB Micah McErlean 0-0: Ground out 6-3 (Groundball, 6, EV 90.0 MPH)
Batting: RHB Gabe Ochoa 0-0: Ball
1-0: Called Strike
1-1: Ground out 5-3 (Groundball, 56, EV 76.9 MPH)
Batting: LHB J.P. Olson 0-0: Ball
1-0: Ball
2-0: Ball
3-0: Called Strike
3-1: Base on Balls
Pitching: LHP Gabe Benitez
Batting: LHB Gil Caraveo 0-0: Ball
J.P. Olson steals 2nd, throwing error, E2
J.P. Olson to third
1-0: Called Strike
1-1: Called Strike
1-2: Ball
2-2: Ground out 4-3 (Groundball, 4M, EV 76.2 MPH)
Top of the 4th over - 0 runs, 0 hits, 1 error, 1 left on base; Augusta 2 - Lakewood 0
BOTTOM OF THE 4TH
Lakewood BlueClaws batting - Pitching for Augusta GreenJackets : RHP Josh Harriston
Batting: LHB Josh George 0-0: Ball
1-0: Called Strike
1-1: Swinging Strike
1-2: Foul Ball, location: 2F
1-2: Foul Ball, location: 2F
1-2: Ball
2-2: Foul Ball, location: 2F
2-2: SINGLE (Flyball, 8RS, EV 99.4 MPH)
Batting: RHB Matt McDevitt 0-0: Called Strike
0-1: Ball
1-1: Ball
2-1: Ball
3-1: Called Strike
3-2: Base on Balls
Josh George to second
Batting: RHB Victor Arroyo 0-0: Ball
1-0: Called Strike
1-1: Foul Ball, location: 2F
1-2: Ball
2-2: Foul Ball, location: 2F
2-2: Foul Ball, location: 2F
2-2: Foul Ball, location: 2F
2-2: Fly out, F8 (Flyball, 89M, EV 84.4 MPH)
Batting: RHB Prabhukumar Santhanakrishnan 0-0: Called Strike
0-1: Ball
1-1: Foul Ball, location: 2F
1-2: Foul Ball, location: 2F
1-2: Fly out, F4 (Line Drive, 4, EV 67.5 MPH)
Batting: RHB Gary Hills 0-0: Ground out 6-3 (Groundball, 6S, EV 89.4 MPH)
Bottom of the 4th over - 0 runs, 1 hit, 0 errors, 2 left on base; Augusta 2 - Lakewood 0
TOP OF THE 5TH
Augusta GreenJackets batting - Pitching for Lakewood BlueClaws : LHP Gabe Benitez
Batting: LHB Jared Paige 0-0: Fly out, F9 (Flyball, 9LS, EV 66.9 MPH)
Batting: RHB Mike Buchanan 0-0: Fly out, F8 (Line Drive, 8RD, EV 91.2 MPH)
Batting: RHB Josh Lippens 0-0: Foul Ball, location: 2F
0-1: Ball
1-1: Ball
2-1: Ball
3-1: Foul Ball, location: 2F
3-2: Ground out 5-3 (Groundball, 56S, EV 87.5 MPH)
Top of the 5th over - 0 runs, 0 hits, 0 errors, 0 left on base; Augusta 2 - Lakewood 0
BOTTOM OF THE 5TH
Lakewood BlueClaws batting - Pitching for Augusta GreenJackets : RHP Josh Harriston
Batting: RHB Pedro Mata 0-0: Called Strike
0-1: Called Strike
0-2: Foul Ball, location: 2F
0-2: Strikes out swinging
Batting: RHB Chris Myers 0-0: Called Strike
0-1: Ball
1-1: Foul Ball, location: 2F
1-2: Ground out 6-3 (Groundball, 6, EV 80.0 MPH)
Batting: LHB Jose Carlos 0-0: Called Strike
0-1: Foul Ball, location: 2F
0-2: Foul Ball, location: 2F
0-2: Ball
1-2: Foul Ball, location: 2F
1-2: Ball
2-2: Ball
3-2: Fly out, F6 (Popup, 6MS, EV 61.9 MPH)
Bottom of the 5th over - 0 runs, 0 hits, 0 errors, 0 left on base; Augusta 2 - Lakewood 0
TOP OF THE 6TH
Augusta GreenJackets batting - Pitching for Lakewood BlueClaws : LHP Gabe Benitez
Batting: RHB Jonathan Reece 0-0: Called Strike
0-1: Fly out, F4 (Flyball, 4D, EV 86.2 MPH)
Batting: RHB Devin Lowery 0-0: Ball
1-0: Foul Ball, location: 2F
1-1: Swinging Strike
1-2: Foul Ball, location: 2F
1-2: SINGLE (Flyball, 7LS, EV 95.6 MPH)
Batting: RHB Micah McErlean 0-0: Ball
Wild Pitch!
Devin Lowery to second
1-0: Called Strike
1-1: Ball
2-1: Called Strike
2-2: Strikes out swinging
Batting: RHB Gabe Ochoa 0-0: Ball
1-0: Ball
2-0: Foul Ball, location: 2F
2-1: Foul Ball, location: 2F
2-2: Strikes out swinging
Top of the 6th over - 0 runs, 1 hit, 0 errors, 1 left on base; Augusta 2 - Lakewood 0
BOTTOM OF THE 6TH
Lakewood BlueClaws batting - Pitching for Augusta GreenJackets : RHP Josh Harriston
Pitching: RHP John Bittinger
Batting: RHB Danny Krug 0-0: Ball
1-0: Swinging Strike
1-1: SINGLE (Groundball, 34D, EV 108.1 MPH)
Batting: LHB Josh George 0-0: Ball
1-0: Swinging Strike
1-1: Ball
2-1: DOUBLE (Flyball, 8RXD, EV 105.0 MPH)
Danny Krug to third
Batting: RHB Matt McDevitt 0-0: Called Strike
0-1: Ball
1-1: Ball
2-1: Called Strike
2-2: Ground out 4-3 (Groundball, 4, EV 89.4 MPH)
Danny Krug scores
Josh George to third
Batting: RHB Victor Arroyo 0-0: Called Strike
0-1: Foul Ball, location: 2F
0-2: Foul Ball, location: 2F
0-2: 2-RUN HOME RUN (Flyball, 7D, EV 94.4 MPH), Distance : 351 ft
Pitching: RHP Chase Joy
Batting: RHB Prabhukumar Santhanakrishnan 0-0: Fly out, F6 (Popup, 6S, EV 73.1 MPH)
Batting: RHB Gary Hills 0-0: Ball
1-0: Ball
2-0: Ball
3-0: Base on Balls
Batting: RHB Pedro Mata 0-0: Ball
1-0: Foul Ball, location: 2F
1-1: Ball
Passed Ball!
Gary Hills to second
2-1: Called Strike
2-2: Ground out 5-3 (Groundball, 56S, EV 89.4 MPH)
Bottom of the 6th over - 3 runs, 3 hits, 0 errors, 1 left on base; Augusta 2 - Lakewood 3
TOP OF THE 7TH
Augusta GreenJackets batting - Pitching for Lakewood BlueClaws : LHP Gabe Benitez
Batting: LHB J.P. Olson 0-0: Fly out, F8 (Flyball, 8RXD, EV 93.8 MPH)
Batting: LHB Gil Caraveo 0-0: Ball
1-0: Ground out U3 (Groundball, 3S, EV 82.5 MPH)
Batting: LHB Jared Paige 0-0: Ball
1-0: Ball
2-0: Foul Ball, location: 2F
2-1: Ball
3-1: Swinging Strike
3-2: Fly out, F8 (Line Drive, 89M, EV 104.4 MPH)
Top of the 7th over - 0 runs, 0 hits, 0 errors, 0 left on base; Augusta 2 - Lakewood 3
BOTTOM OF THE 7TH
Lakewood BlueClaws batting - Pitching for Augusta GreenJackets : RHP Chase Joy
Batting: RHB Chris Myers 0-0: Fly out, F5 (Line Drive, 5, EV 75.0 MPH)
Batting: LHB Jose Carlos 0-0: Ball
1-0: Ball
2-0: Foul Ball, location: 2F
2-1: Ball
3-1: Swinging Strike
3-2: Fly out, F9 (Flyball, 89M, EV 85.0 MPH)
Batting: RHB Danny Krug 0-0: Foul Ball, location: 2F
0-1: Fly out, F7 (Flyball, 78M, EV 82.5 MPH)
Bottom of the 7th over - 0 runs, 0 hits, 0 errors, 0 left on base; Augusta 2 - Lakewood 3
TOP OF THE 8TH
Augusta GreenJackets batting - Pitching for Lakewood BlueClaws : LHP Gabe Benitez
Pitching: RHP Ricardo Dominguez
Batting: RHB Mike Buchanan 0-0: Fly out, F8 (Flyball, 8RM, EV 88.1 MPH)
Batting: RHB Josh Lippens 0-0: Swinging Strike
0-1: Swinging Strike
0-2: Ball
1-2: Ball
2-2: Strikes out swinging
Batting: RHB Jonathan Reece 0-0: Called Strike
0-1: Foul Ball, location: 2F
0-2: Foul Ball, location: 2F
0-2: Ball
1-2: Fly out, F7 (Flyball, 78D, EV 91.2 MPH)
Top of the 8th over - 0 runs, 0 hits, 0 errors, 0 left on base; Augusta 2 - Lakewood 3
BOTTOM OF THE 8TH
Lakewood BlueClaws batting - Pitching for Augusta GreenJackets : RHP Chase Joy
Batting: LHB Josh George 0-0: Ball
1-0: Fly out, F9 (Flyball, 9LS, EV 76.2 MPH)
Batting: RHB Matt McDevitt 0-0: Called Strike
0-1: SINGLE (Line Drive, 78S, EV 95.0 MPH)
Batting: RHB Victor Arroyo 0-0: Ball
1-0: Ball
2-0: Ball
3-0: Base on Balls
Matt McDevitt to second
Batting: RHB Prabhukumar Santhanakrishnan 0-0: Ball
1-0: Ball
2-0: Foul Ball, location: 2F
2-1: Ball
3-1: Called Strike
3-2: Base on Balls
Matt McDevitt to third
Victor Arroyo to second
Batting: RHB Gary Hills 0-0: Grounds into fielders choice 3-2 (Groundball, 3L, EV 88.1 MPH)
Victor Arroyo to third
Prabhukumar Santhanakrishnan to second
Batting: RHB Pedro Mata 0-0: Ball
1-0: Called Strike
1-1: Fielders Choice at 2nd, 5-4 (Groundball, 5, EV 85.0 MPH)
Bottom of the 8th over - 0 runs, 1 hit, 0 errors, 3 left on base; Augusta 2 - Lakewood 3
TOP OF THE 9TH
Augusta GreenJackets batting - Pitching for Lakewood BlueClaws : RHP Ricardo Dominguez
Now in RF: Matt Sybrant
Batting: RHB Devin Lowery 0-0: Called Strike
0-1: Fly out, F9 (Line Drive, 9D, EV 93.8 MPH)
Pinch Hitting: LHB Pong-keun Koh 0-0: Called Strike
0-1: Ball
1-1: Called Strike
1-2: SINGLE (Line Drive, 89D, EV 98.1 MPH)
Pinch Hitting: RHB Adam Solesbee 0-0: Foul Ball, location: 2F
0-1: Called Strike
0-2: Ball
1-2: Fly out, F8 (Flyball, 89XD, EV 110.0 MPH)
Batting: LHB J.P. Olson 0-0: Called Strike
0-1: Ball
1-1: Ball
2-1: Ball
3-1: Foul Ball, location: 2F
3-2: Foul Ball, location: 2F
3-2: Foul Ball, location: 2F
3-2: Foul Ball, location: 2F
3-2: Fly out, F8 (Flyball, 8LS, EV 78.8 MPH)
Top of the 9th over - 0 runs, 1 hit, 0 errors, 1 left on base; Augusta 2 - Lakewood 3
Wednesday, June 22nd , 2022 - OOTP Baseball 23.4 Build 64